 Dungeon Crawl Stone Soup version 0.25-a0-492-g44cc58d149 (webtiles) character file.

Game seed: 8500604631862808645, levelgen mode: deterministic

65753 Lugonue the Tortoise (level 14, -5/113 HPs)
             Began as a Minotaur Fighter on Feb 11, 2020.
             Was a High Priest of Hepliaklqana.
             Slain by a ten-headed hydra (6 damage)
             ... on level 12 of the Dungeon.
             The game lasted 00:53:13 (17097 turns).

Lugonue the Tortoise (Minotaur Fighter)            Turns: 17097, Time: 00:53:14

Health: -5/113     AC: 39    Str: 20    XL:     14   Next: 76%
Magic:  13/13      EV:  7    Int:  4    God:    Hepliaklqana [*****.]
Gold:   1158       SH: 16    Dex: 16    Spells: 13/13 levels left

rFire    + . .     SeeInvis +   G - +0 scimitar (vorpal)
rCold    + . .     Gourm    .   F - +2 shield of Resistance {rF+ rC+ MR+}
rNeg     + . .     Faith    .   D - +5 crystal plate armour
rPois    +         Spirit   .   i - +0 hat {SInv}
rElec    .         Reflect  .   H - +2 ratskin cloak {+Rats rPois rN+ Str-1 Int-1 Dex+1}
rCorr    +         Harm     .   (no gloves)
MR       ++...                  E - +1 pair of boots
Stlth    ..........             u - amulet of regeneration
HPRegen  0.68/turn              (no ring)
MPRegen  0.13/turn              k - ring of resist corrosion

@: about to teleport, berserk cooldown, hasted, very quick
A: retaliatory headbutt, reduced essence, horns 2
a: Recall Ancestor, Ancestor Identity, Transference, Idealise, Renounce
Religion, Evoke Ratskin


You were on level 12 of the Dungeon.
You worshipped Hepliaklqana.
Hepliaklqana was extremely pleased with you.
You were hungry.

You visited 3 branches of the dungeon, and saw 19 of its levels.
You visited the Abyss 1 time.
You also visited: Bailey and Gauntlet.

You collected 1629 gold pieces.
You spent 471 gold pieces at shops.

Inventory:

Hand Weapons
 a - a +1 long sword
 G - a +0 vorpal scimitar (weapon)
 M - the +7 great sword of Obsession {freeze, rC+}
   (You found it in a Gauntlet)

   It has been specially enchanted to freeze those struck by it, causing extra
   injury to most foes and up to half again as much damage against particularly
   susceptible opponents.
   It can also slow down cold-blooded creatures.
   It protects you from cold.
Missiles
 c - 2 throwing nets
 l - 7 atropa-tipped darts
 s - 23 boomerangs
 I - 6 curare-tipped darts
 O - 19 javelins (quivered)
Armour
 i - a +0 hat of see invisible (worn)
 D - a +5 crystal plate armour (worn)
 E - a +1 pair of boots (worn)
 F - the +2 shield of Resistance (worn) {rF+ rC+ MR+}
   (You found it in a bailey)

   It protects you from fire.
   It protects you from cold.
   It affects your resistance to hostile enchantments.
 H - the +2 ratskin cloak (worn) {+Rats rPois rN+ Str-1 Int-1 Dex+1}
   (You bought it in a shop on level 5 of the Dungeon)

   It affects your strength (-1).
   It affects your intelligence (-1).
   It affects your dexterity (+1).
   It protects you from poison.
   It protects you from negative energy.
   If you remove this armour, your AC will decrease by 4 (39 -> 35).
Jewellery
 k - a ring of resist corrosion (right hand)
 u - an amulet of regeneration (around neck)
 J - the ring "Iwkun" {rF+ rN+ MR+ Int-4 Dex+3}
   (You found it on level 5 of the Lair of Beasts)

   [ring of positive energy]

   It affects your intelligence (-4).
   It affects your dexterity (+3).
   It protects you from fire.
   It protects you from negative energy.
   It affects your resistance to hostile enchantments.
Wands
 g - a wand of flame (12)
 x - a wand of paralysis (14)
 y - a wand of polymorph (14)
 K - a wand of iceblast (22)
 P - a wand of enslavement (6)
 R - a wand of acid (9)
Scrolls
 h - 2 scrolls of fog
 n - 11 scrolls of remove curse
 q - 6 scrolls of identify
 t - 3 scrolls of magic mapping
 B - 2 scrolls of teleportation
 L - 2 scrolls of amnesia
Potions
 b - a potion of ambrosia
 d - 4 potions of might
 e - 5 potions of mutation
 j - a potion of brilliance
 m - 2 potions of curing
 o - 2 potions of berserk rage
 p - a potion of magic
 w - 2 potions of flight
 A - a potion of cancellation
 C - 2 potions of invisibility
Comestibles
 f - 23 rations


   Skills:
 + Level 12.0 Fighting
 + Level 14.0 Long Blades
 + Level 5.7 Throwing
 + Level 20.8 Armour
 + Level 3.7 Dodging
 - Level 1.4 Stealth
 - Level 14.0 Shields


You had 13 spell levels left.
You didn't know any spells.
Your spell library contained the following spells:

 Spells                   Type           Power        Failure   Level  Hunger
 Corona                   Hex            #......      100%        1    ##.....
 Freeze                   Ice            #...         100%        1    ##.....
 Magic Dart               Conj           #...         100%        1    ##.....
 Summon Small Mammal      Summ           #...         100%        1    ##.....
 Blink                    Tloc           N/A          100%        2    ###....
 Call Imp                 Summ           #.......     100%        2    ###....
 Searing Ray              Conj           #.....       100%        2    ###....
 Slow                     Hex            #.......     100%        2    ###....
 Call Canine Familiar     Summ           #.......     100%        3    ####...
 Confusing Touch          Hex            #.......     100%        3    ####...
 Conjure Flame            Conj/Fire      #.......     100%        3    ####...
 Dazzling Flash           Conj/Hex       #.....       100%        3    ####...
 Frozen Ramparts          Ice            #.....       100%        3    ####...
 Gell's Gravitas          Tloc           #.........   100%        3    ####...
 Inner Flame              Hex/Fire       #.......     100%        3    ####...
 Mephitic Cloud           Conj/Pois/Air  #.......     100%        3    ####...
 Ozocubu's Armour         Chrm/Ice       #.......     100%        3    ####...
 Portal Projectile        Hex/Tloc       #.....       100%        3    ####...
 Summon Guardian Golem    Hex/Summ       #.......     100%        3    ####...
 Cause Fear               Hex            #.........   100%        4    #####..
 Fulminant Prism          Conj/Hex       #.........   100%        4    #####..
 Hailstorm                Conj/Ice       #.......     100%        4    #####..
 Iskenderun's Mystic Bla  Conj/Tloc      #.......     100%        4    #####..
 Leda's Liquefaction      Hex/Erth       #.........   100%        4    #####..
 Petrify                  Tmut/Erth      #.......     100%        4    #####..
 Summon Ice Beast         Ice/Summ       #.......     100%        4    #####..
 Summon Lightning Spire   Summ/Air       #.......     100%        4    #####..
 Metabolic Englaciation   Hex/Ice        #.........   100%        5    ######.
 Silence                  Hex/Air        #.........   100%        5    ######.
 Yara's Violent Unravell  Hex/Tmut       #.........   100%        5    ######.
 Conjure Ball Lightning   Conj/Air       #.........   100%        6    #######
 Deflect Missiles         Chrm/Air       #.........   100%        6    #######
 Tornado                  Air            #.........   100%        9    #######


Dungeon Overview and Level Annotations

Branches:
Dungeon (12/15)            Temple (1/1) D:7            Lair (6/6) D:9
  Swamp (0/4) Lair:4        Snake (0/4) Lair:4        Slime (0/5) Lair:6
    Orc (0/2) D:12         Bailey (visited)         Gauntlet (visited)

Altars:
Ashenzari
Cheibriados
Dithmenos
Elyvilon
Fedhas
Gozag
Hepliaklqana
Kikubaaqudgha
Makhleb
Nemelex Xobeh
Okawaru
Qazlal
Ru
Sif Muna
Trog
Uskayaw
Vehumet
Wu Jian
Xom
Yredelemnul
Zin
The Shining One
Jiyva

Shops:
D:5 (}[   D:9 !

Portals:
Hell: Lair:6
Trove: D:10 (give horn of Geryon)

Annotations:
D:12 1 transporter, Error4North's ghost, journeyman HOFi
Lair:4 1 runed translucent door, Siyc's ghost, journeyman DsWn


Innate Abilities, Weirdness & Mutations

You reflexively headbutt those who attack you in melee.
You have a pair of horns on your head.
Your life essence is reduced to manifest your ancestor. (-10% HP)


Message History

The ten-headed hydra bites you but does no damage.
You block the ten-headed hydra's attack. x2
The ten-headed hydra bites you but does no damage.
You block the ten-headed hydra's attack. x2
The ten-headed hydra bites you but does no damage.
The ten-headed hydra closely misses you.
The ten-headed hydra bites you!
* * * LOW HITPOINT WARNING * * *
The ten-headed hydra bites you but does no damage.
You feel yourself speed up. The ten-headed hydra bites you.
* * * LOW HITPOINT WARNING * * *
You block the ten-headed hydra's attack.
The ten-headed hydra bites you but does no damage. x2
The ten-headed hydra closely misses you.
You block the ten-headed hydra's attack.
The ten-headed hydra bites you but does no damage. x3
The ten-headed hydra bites you!
* * * LOW HITPOINT WARNING * * *
The ten-headed hydra bites you.
You die...

##.##*,,,,,,* ###..........##
....#***,***###....†........##
...## *,* ##...####.©"####..#
...# *,* #..###..#####..##.##
.### *,* #.##..#.l[yY....#..#
..### *,**#.#....###aY.##.##y#
.##.# *,,*#.##.#s....#.....#.#
##.## *#.##..#©WD#..H.D##W.#.#
#..## #.###.#.@##..#......#y#
##..# #.# #.#....#...#...##R#
...## #.# #R##......#....#..#
R### #.# #.y##.###..#####y##
##### #.# ##..###©####.....#
.R#.### #.# ##......Ry...####
.#R#..###.# #####.#####.#
...##.....# #.# #.#
#########.# #.# #.#


You could see a ten-headed hydra (berserk), a wolf spider (berserk) and
Error4North's ghost.

Vanquished Creatures
  Gastronok (Lair:1)
  A minotaur (Gauntlet)
  A naga warrior (Abyss:3)
  5 hydras
  A catoblepas (Lair:6)
  2 two-headed ogres
  A thrashing horror (Abyss:3)
  8 death yaks
  A shock serpent (shapeshifter) (Gauntlet)
  A sixfirhy (Lair:6)
  An unseen horror (Abyss:3)
  A wizard (Lair:6)
  An oklob plant (Gauntlet)
  An ugly thing (D:12)
  3 large abominations (Abyss:3)
  A moth of wrath (D:12)
  16 elephants
  2 black mambas
  2 torpor snails
  Psyche (D:9)
  A smoke demon (Lair:6)
  3 orange demons (Lair:6)
  A spiny frog (shapeshifter) (Gauntlet)
  9 spiny frogs
  4 komodo dragons (Lair:6)
  3 rime drakes
  2 ice devils (Lair:6)
  3 hornets (Gauntlet)
  5 trolls
  3 blink frogs
  4 dream sheep (Lair:6)
  A polar bear (shapeshifter) (Gauntlet)
  Prince Ribbit (D:5)
  13 hippogriffs
  A wyvern (D:11)
  5 wraiths
  2 basilisks (Lair:1)
  49 yaks
  Grum (D:10)
  4 hungry ghosts (D:12)
  A neqoxec (Abyss:3)
  A chaos spawn (Abyss:3)
  5 vampire mosquitoes
  Menkaure (D:4)
  4 nagas (Lair:4)
  7 water moccasins
  7 hell hounds
  2 acid dragons
  6 porcupines
  2 ice beasts
  3 black bears
  6 orc warriors
  8 ogres
  3 sky beasts
  An eye of draining (D:10)
  A boggart (shapeshifter) (Gauntlet)
  4 phantoms
  5 wolves
  3 centaurs
  14 crocodiles
  A big kobold (D:10)
  Blork the orc (D:5)
  9 bullfrogs
  2 troll zombies (D:12)
  A wyvern skeleton (D:9)
  4 scorpions
  4 killer bees (D:9)
  2 howler monkeys
  4 crimson imps
  5 bullfrog zombies
  3 jellies
  5 starcursed masses (Abyss:3)
  3 centaur zombies
  4 orc wizards
  A quasit (D:10)
  3 hounds
  7 orc priests
  A bullfrog skeleton (D:8)
  5 centaur skeletons
  9 worker ants
  3 iguanas
  A killer bee zombie (D:9)
  3 ogre zombies (D:12)
  A hound zombie (D:6)
  2 hound skeletons
  2 worker ant zombies
  4 gnolls (D:8)
  14 adders
  2 dart slugs (D:1)
  3 worms
  4 leopard geckos
  40 orcs
  2 ball pythons
  3 bats (D:1)
  A giant cockroach (D:1)
  2 goblins (D:2)
  5 hobgoblins
  9 jackals
  7 kobolds
  3 quokkas
  5 frilled lizards
  A giant cockroach zombie (D:6)
  2 goblin skeletons (D:12)
  3 goblin zombies (D:12)
  2 hobgoblin zombies (D:12)
  2 leopard gecko skeletons (D:4)
  11 orc zombies (D:12)
  A quokka skeleton (D:4)
  A quokka zombie (D:6)
  2 rats
465 creatures vanquished.

Vanquished Creatures (collateral kills)
  Josephine (D:10)
  2 death yaks
  An unseen horror (D:12)
  An elephant (Lair:4)
  2 blink frogs (Lair:3)
  A dream sheep (Lair:6)
  2 hippogriffs
  2 basilisks
  2 yaks
  A vampire mosquito (D:12)
  A hell hound (Abyss:3)
  6 water moccasins
  2 porcupines
  A sky beast (D:9)
  2 black bears (D:8)
  An ogre (D:10)
  3 phantoms
  7 crocodiles
  2 bullfrogs
  A big kobold (D:12)
  2 bullfrog zombies
  A crimson imp (D:9)
  3 jellies
  A hound (D:12)
  An ogre zombie (D:12)
  19 orcs
  2 jackals (D:9)
  An orc zombie (D:12)
71 creatures vanquished.

Vanquished Creatures (others)
  14 hexers
  An ancestor (D:9)
  19 fungi
  11 plants
45 creatures vanquished.

Grand Total: 581 creatures vanquished

Notes
Turn   | Place    | Note
-------+----------+-------------------------------------------
     0 | D:1      | Lugonue the Minotaur Fighter began the quest for the Orb.
     0 | D:1      | Reached XP level 1. HP: 19/19 MP: 0/0
    24 | D:1      | Reached XP level 2. HP: 27/27 MP: 1/1
   285 | D:1      | Reached skill level 4 in Armour
   363 | D:2      | Reached XP level 3. HP: 32/33 MP: 2/2
   567 | D:4      | Reached XP level 4. HP: 36/40 MP: 3/3
   579 | D:4      | Noticed a phantom
   605 | D:4      | Killed a phantom
   605 | D:4      | Reached skill level 1 in Dodging
   605 | D:4      | Reached XP level 5. HP: 38/47 MP: 4/4
   628 | D:4      | Noticed Menkaure
   637 | D:4      | Killed Menkaure
   637 | D:4      | Reached skill level 5 in Long Blades
   637 | D:4      | Reached skill level 5 in Shields
   637 | D:4      | Reached XP level 6. HP: 12/53 MP: 5/5
  1323 | D:4      | Reached skill level 5 in Armour
  1426 | D:4      | Noticed an orc warrior
  1450 | D:4      | HP: 2/53 [orc warrior/+0 short sword (13)]
  2371 | D:4      | Killed an orc warrior
  2417 | D:5      | Entered Level 5 of the Dungeon
  2434 | D:5      | Noticed Blork the orc
  2446 | D:5      | Killed Blork the orc
  2446 | D:5      | Reached XP level 7. HP: 24/60 MP: 6/6
  2637 | D:5      | Reached skill level 1 in Throwing
  2643 | D:5      | Noticed Prince Ribbit
  2763 | D:5      | Killed Prince Ribbit
  2763 | D:5      | Reached skill level 5 in Fighting
  2763 | D:5      | Reached skill level 6 in Armour
  2830 | D:5      | Found Darruhoq's Gadget Boutique.
  3033 | D:5      | Reached XP level 8. HP: 56/68 MP: 7/7
  3197 | D:5      | Found Myer's Armour Shoppe.
  3350 | D:5      | Found Inoubeugam's Antique Weapon Boutique.
  3502 | D:6      | Reached skill level 1 in Stealth
  4847 | D:7      | Reached skill level 7 in Armour
  4945 | D:7      | Reached XP level 9. HP: 60/75 MP: 8/8
  5110 | D:7      | Found a snail-covered altar of Cheibriados.
  5165 | D:7      | Found a staircase to the Ecumenical Temple.
  5381 | Temple   | Entered the Ecumenical Temple
  5446 | Temple   | Became a worshipper of Hepliaklqana the Forgotten
  5860 | D:8      | Reached skill level 8 in Armour
  5923 | D:8      | Found a bloodstained altar of Trog.
  5949 | D:8      | Reached skill level 10 in Long Blades
  6321 | D:9      | Found Qetro's Distillery.
  6327 | D:9      | Bought a potion of heal wounds for 55 gold pieces
  6327 | D:9      | Bought a potion of heal wounds for 55 gold pieces
  6336 | D:9      | Noticed a troll
  6349 | D:9      | Killed a troll
  6485 | D:9      | Reached * piety under Hepliaklqana
  6495 | D:9      | Noticed Psyche
  6507 | D:9      | Killed Psyche
  6507 | D:9      | Reached XP level 10. HP: 56/77 MP: 9/9
  6529 | D:9      | Reached skill level 9 in Armour
  6963 | D:9      | Found a staircase to the Lair.
  7286 | D:10     | Entered Level 10 of the Dungeon
  7314 | D:10     | Noticed Josephine
  7334 | D:10     | Killed Josephine
  7334 | D:10     | Reached skill level 10 in Armour
  7375 | D:10     | Found a portal to a secret trove of treasure.
  7465 | D:10     | Noticed Grum
  7487 | D:10     | Reached skill level 10 in Shields
  7490 | D:10     | Killed Grum
  7490 | D:10     | Reached XP level 11. HP: 69/85 MP: 5/10
  7614 | D:10     | Found a flagged portal.
  7667 | Bailey   | Entered a bailey
  7712 | Bailey   | Reached ** piety under Hepliaklqana
  7713 | Bailey   | Remembered your ancestor Cyn as a hexer
  7988 | Bailey   | Found the +2 shield of Resistance {rF+ rC+ MR+}
  8059 | D:10     | Reached skill level 11 in Armour
  8085 | D:10     | Reached skill level 12 in Armour
  8191 | D:10     | Reached skill level 13 in Armour
  8525 | D:10     | Noticed a two-headed ogre
  8537 | D:10     | Killed a two-headed ogre
  8537 | D:10     | Reached skill level 14 in Armour
  8602 | D:11     | Noticed a five-headed hydra
  8731 | D:5      | Bought the +2 ratskin cloak {+Rats rPois rN+ Str-1 Int-1
                  | Dex+1} for 361 gold pieces
  8731 | D:5      | Found the +2 ratskin cloak {+Rats rPois rN+ Str-1 Int-1
                  | Dex+1}
  8837 | Lair:1   | Entered Level 1 of the Lair of Beasts
  8893 | Lair:1   | Reached skill level 15 in Armour
  9192 | Lair:1   | Reached skill level 16 in Armour
  9250 | Lair:1   | Noticed Gastronok
  9273 | Lair:1   | Killed Gastronok
  9273 | Lair:1   | Reached XP level 12. HP: 80/92 MP: 11/11
  9703 | Lair:2   | Reached skill level 17 in Armour
  9746 | Lair:2   | Reached *** piety under Hepliaklqana
  9750 | Lair:2   | Noticed a death yak
  9752 | Lair:2   | Noticed a death yak
  9771 | Lair:2   | Killed a death yak
  9779 | Lair:2   | Killed a death yak
 10407 | Lair:3   | Reached skill level 18 in Armour
 10559 | Lair:3   | You fall into a shaft and drop 3 floors!
 10559 | Lair:6   | Entered Level 6 of the Lair of Beasts
 10559 | Lair:6   | Noticed a death yak
 10559 | Lair:6   | Noticed a death yak
 10559 | Lair:6   | Noticed a death yak
 10559 | Lair:6   | Noticed a death yak
 10560 | Lair:6   | Noticed a death yak
 10573 | Lair:6   | Killed a death yak
 10704 | Lair:5   | Found a runed translucent door.
 10771 | Lair:5   | Noticed a seven-headed hydra
 10836 | Lair:5   | Got a scintillating bone ring
 10837 | Lair:5   | Lost intelligence.
 10837 | Lair:5   | Identified the ring "Iwkun" {rF+ rN+ MR+ Int-4 Dex+3} (You
                  | found it on level 5 of the Lair of Beasts)
 10932 | Lair:5   | Reached **** piety under Hepliaklqana
 11518 | Lair:6   | Noticed a six-headed hydra
 11552 | Lair:6   | Killed a six-headed hydra
 11552 | Lair:6   | Reached skill level 19 in Armour
 11788 | Lair:6   | Cast into level 3 of the Abyss (a wizard)
 11880 | Abyss:3  | Noticed a blizzard demon
 11880 | Abyss:3  | Noticed a merfolk impaler
 11954 | Abyss:3  | Noticed a starcursed mass
 11998 | Abyss:3  | Killed a starcursed mass
 12050 | Abyss:3  | Noticed a naga warrior
 12091 | Abyss:3  | Killed a naga warrior
 12091 | Abyss:3  | Reached XP level 13. HP: 76/97 MP: 12/12
 12166 | Lair:6   | Escaped the Abyss
 12176 | Lair:6   | Reached skill level 20 in Armour
 12179 | Lair:6   | Found a burning altar of Makhleb.
 12888 | Lair:6   | Found a viscous altar of Jiyva.
 12888 | Lair:6   | Found a staircase to the Slime Pits.
 12944 | Lair:6   | Reached skill level 10 in Fighting
 12961 | Lair:6   | Reached ***** piety under Hepliaklqana
 13416 | Lair:6   | Reached XP level 14. HP: 108/108 MP: 13/13
 13660 | Lair:6   | Found a gateway to Hell.
 13879 | Lair:4   | Found a runed translucent door.
 13883 | Lair:4   | Found a shimmering altar of Xom.
 13883 | Lair:4   | Noticed Siyc's ghost (journeyman DsWn)
 13914 | Lair:4   | Found a staircase to the Swamp.
 14020 | Lair:4   | Found a staircase to the Snake Pit.
 16118 | D:12     | Found a gate leading to a gauntlet.
 16131 | D:12     | Reached skill level 5 in Throwing
 16138 | Gauntlet | Entered a Gauntlet
 16138 | Gauntlet | Found a transporter.
 16145 | Gauntlet | Found a transporter.
 16147 | Gauntlet | Found a transporter.
 16198 | Gauntlet | Found a transporter.
 16228 | Gauntlet | Found a transporter.
 16228 | Gauntlet | Found a transporter.
 16228 | Gauntlet | Found a transporter.
 16255 | Gauntlet | Found a transporter.
 16258 | Gauntlet | Found a transporter.
 16259 | Gauntlet | Got a bloodstained great sword
 16298 | Gauntlet | Identified the +7 great sword of Obsession {freeze, rC+}
                  | (You found it in a Gauntlet)
 16304 | Gauntlet | Found a transporter.
 16304 | Gauntlet | Found a transporter.
 16733 | D:12     | Found a staircase to the Orcish Mines.
 16967 | D:12     | Noticed Error4North's ghost (journeyman HOFi)
 16993 | D:12     | Found a transporter.
 17007 | D:12     | Found a transporter.
 17097 | D:12     | HP: 1/113 [ten-headed hydra (8)]
 17097 | D:12     | Slain by a ten-headed hydra

Levels and vault maps discovered:
D:1:      lemuel_arrival_behind_the_door_large, layout_basic,
          minmay_pentomino_u4
D:2:      layout_loops_ring, uniq_terence
D:3:      layout_loops_ring, first_ration, st_stairs_11
D:4:      layout_layer_cave, uniq_menkaure
D:5:      layout_basic, serial_shops, shop, shop, shop_fountains,
          uniq_blork_the_orc, uniq_prince_ribbit1
D:6:      layout_layer_cave, corexii_hall_statues_i
D:7:      layout_basic, slow_altar_2, temple_statues, minmay_manual_monstrance
D:8:      layout_loops_cross, special_room [special_room_orc],
          trog_ov_bears_minmay
D:9:      layout_basic, grunt_lair_entry_orc_guard_hut, serial_shops, shop,
          grunt_ogre_cave, uniq_psyche
D:10:     layout_basic, enter_bailey_6, nicolae_trove_entry_columns, uniq_grum,
          uniq_josephine
D:11:     layout_roguey
D:12:     layout_roguey, zombieorc1_lemuel, gauntlet_entry_generic,
          gammafunk_ghost_berserking_beasts
Temple:   grunt_wide_crystal_templ
Lair:1:   layout_loops_ring, uniq_gastronok
Lair:2:   layout_misc_corridors
Lair:3:   layout_chaotic_city, grunt_megastairs_1
Lair:4:   layout_hall_layers, minmay_swamp_entry_swarm,
          minmay_snake_entry_guardpost_small, ebering_ghost_xom,
          small_statue_intersection, serial_bayou_shore_a
Lair:5:   layout_roguey, chequers_serial_rivers_large_a, pf_torpor_hydra
Lair:6:   evil_forest, layout_layer_cave, dpeg_slime_entry_enclosed_altar

Skill      XL: |  1  2  3  4  5  6  7  8  9 10 11 12 13 14 |
---------------+-------------------------------------------+-----
Shields        | 4 5 6 8 10 12 14 | 14.0
Fighting       | 4 5 6 7 8 10 12 | 12.0
Armour         | 4 5 6 7 8 10 16 19 20 | 20.8
Long Blades    | 3 4 5 6 8 11 12 13 14 | 14.0
Dodging        | 1 2 3 |  3.7
Throwing       | 2 3 4 5 |  5.7
Stealth        | 1 |  1.4

Action                   |  1- 3 |  4- 6 |  7- 9 | 10-12 | 13-15 || total
-------------------------+-------+-------+-------+-------+-------++-------
Melee: Long sword        |    69 |    81 |   332 |   574 |       ||  1056
       Headbutt          |     6 |    18 |    71 |   252 |   304 ||   651
       Scimitar          |       |       |       |   284 |   973 ||  1257
Throw: Dart              |       |    15 |    12 |     1 |     5 ||    33
       Boomerang         |       |       |       |    30 |    34 ||    64
       Javelin           |       |       |       |       |     3 ||     3
Invok: Ancestor Life: He |       |       |       |     1 |       ||     1
       Ancestor Identity |       |       |       |     1 |       ||     1
       Recall Ancestor   |       |       |       |     2 |     2 ||     4
 Abil: Evoke Ratskin     |       |       |       |     1 |       ||     1
Evoke: Wand              |       |       |       |     3 |     5 ||     8
  Use: Scroll            |       |     3 |     8 |    17 |    12 ||    40
       Potion            |       |     1 |     1 |     2 |    14 ||    18
 Stab: Invisible         |       |     1 |       |       |       ||     1
       Distracted        |       |       |       |     5 |    11 ||    16
       Confused          |       |       |       |     9 |    12 ||    21
       Petrified         |       |       |       |       |    24 ||    24
       Petrifying        |       |       |       |       |     1 ||     1
  Eat: Chunk             |       |     1 |    10 |     8 |     9 ||    28
       Ration            |       |     1 |     1 |     4 |     2 ||     8
Armor: Scale mail        |    22 |    17 |    36 |       |       ||    75
       Plate armour      |       |       |   111 |    98 |       ||   209
       Crystal plate arm |       |       |       |   282 |   595 ||   877
Dodge: Dodged            |    26 |    17 |    81 |   149 |   214 ||   487
Block: Kite shield       |    38 |    36 |   190 |   467 |   685 ||  1416
       Rpst.: Long sword |     7 |     7 |    24 |    26 |       ||    64
       Scimitar          |       |       |       |    14 |    45 ||    59

Table legend:
 A = Non-vault XP
 B = Vault XP
 C = Vault XP percentage of total XP
 D = Non-vault monster count
 E = Vault monster count
 F = Vault count percentage of total count
                 A         B        C        D         E       F
            +---------+---------+-------+---------+---------+-------
      Total |   70993 |   22940 |  24.4 |     395 |     141 |  26.3
            +---------+---------+-------+---------+---------+-------
        D:1 |      31 |       6 |  16.2 |      15 |       3 |  16.7
        D:2 |      14 |       0 |   0.0 |       7 |       0 |   0.0
        D:3 |       1 |       0 |   0.0 |       1 |       0 |   0.0
        D:4 |     487 |     169 |  25.8 |      18 |       1 |   5.3
        D:5 |     468 |     360 |  43.5 |      11 |       2 |  15.4
        D:6 |     576 |       0 |   0.0 |      17 |       0 |   0.0
        D:7 |     965 |     246 |  20.3 |      22 |       5 |  18.5
        D:8 |     720 |     467 |  39.3 |      17 |      22 |  56.4
        D:9 |    3066 |    1026 |  25.1 |      27 |       6 |  18.2
       D:10 |    5753 |    2264 |  28.2 |      48 |       8 |  14.3
       D:11 |    7259 |       0 |   0.0 |      39 |       0 |   0.0
       D:12 |    6487 |    1319 |  16.9 |      30 |      30 |  50.0
     Lair:1 |    3096 |    2338 |  43.0 |      15 |       1 |   6.2
     Lair:2 |    3809 |       0 |   0.0 |      12 |       0 |   0.0
     Lair:3 |    2269 |     157 |   6.5 |      10 |       1 |   9.1
     Lair:4 |    5387 |    1339 |  19.9 |      20 |       8 |  28.6
     Lair:5 |    1160 |     449 |  27.9 |       7 |       1 |  12.5
     Lair:6 |   23419 |    7974 |  25.4 |      62 |      25 |  28.7
    Abyss:3 |    6026 |       0 |   0.0 |      17 |       0 |   0.0
     Bailey |       0 |     417 | 100.0 |       0 |      18 | 100.0
   Gauntlet |       0 |    4409 | 100.0 |       0 |      10 | 100.0
            +---------+---------+-------+---------+---------+-------
